 Dungeon Sprint DCSS version 0.30.1-9-gdf580d7c3d (webtiles) character file.

Game seed: 5169950729120167961

33 Heoruswealwe the Poker (level 3, 0/36 HPs)
             Began as a Minotaur Fighter on Oct 4, 2023.
             Slain by an iguana (7 damage)
             ... in the Dungeon (Sprint IX: "|||||||||||||||||||||||||||||").
             The game lasted 00:00:50 (35 turns).

Heoruswealwe the Poker (Minotaur Fighter)             Turns: 35, Time: 00:00:51

Health: 0/36       AC:  3    Str: 22    XL:     3   Next: 12%
Magic:  2/2        EV:  9    Int:  5    God:
Gold:   0          SH:  4    Dex:  9    Spells: 2/2 levels left

rFire   . . .        a - +0 trident
rCold   . . .        d - +0 buckler
rNeg    . . .        c - +0 scale mail
rPois   .            (helmet restricted)
rElec   .            (no cloak)
rCorr   .            (no gloves)
SInv    .            (no boots)
Will    .....        (no amulet) Stlth
                     (no ring)
HPRegen 0.26/turn    (no ring)
MPRegen 0.08/turn

%: no teleportation
@: corroded
A: horns 2, retaliatory headbutt
a: no special abilities


You were in the Dungeon.
You visited 1 branch

Inventory:

Hand Weapons
 a - a +0 trident (weapon)
Armour
 c - a +0 scale mail (worn)
 d - a +0 buckler (worn)
Scrolls
 j - a scroll of blinking
Potions
 b - a potion of might
 e - a potion of curing
 g - a potion of haste
 i - a potion of berserk rage


   Skills:
 + Level 5.2 Fighting
 * Level 5.8 Polearms
 + Level 5.2 Armour
 - Level 3.6 Shields


You had 2 spell levels left.
You didn't know any spells.
Your spell library was empty.

Dungeon Overview and Level Annotations

Branches:
Dungeon (1/1)

Altars:


Innate Abilities, Weirdness & Mutations

You have a pair of horns on your head.
You reflexively headbutt those who attack you in melee.


Message History

You hit the jelly. The acid corrodes you!
Your hands burn!
The jelly is moderately wounded.
You block the jelly's attack.
You barely miss the jelly.
The jelly is moderately wounded.
The jelly hits you but does no damage.
You puncture the jelly!
Your hands burn!
* * * LOW HITPOINT WARNING * * *
The jelly is almost dead.
The jelly closely misses you. You furiously retaliate!
You headbutt the jelly.
You kill the jelly!
Your Fighting skill increases to level 5!
Your Polearms skill gained 2 levels and is now at level 5!
Your Armour skill increases to level 5!
You have reached level 2!
You have reached level 3!
Your experience leads to an increase in your attributes!
Increase (S)trength, (I)ntelligence, or (D)exterity?
You feel stronger. x2
You feel much better.
You barely miss the iguana. The iguana bites you.
You hit the iguana but do no damage. The iguana barely misses you.
You hit the iguana but do no damage. You headbutt the iguana!
The iguana is heavily wounded.
The iguana misses you.
You hit the iguana.
The iguana is severely wounded.
The iguana barely misses you.
You barely miss the iguana.
The iguana is severely wounded.
The iguana bites you! x2
* * * LOW HITPOINT WARNING * * *
You closely miss the iguana.
The iguana is severely wounded.
The iguana closely misses you. You furiously retaliate!
You headbutt the iguana. You hit the iguana but do no damage.
The iguana is almost dead.
The iguana bites you!
You die...

▓.▓
▓!▓
▓.▓
▓)▓
▓.▓
▓.▓
▓.▓
▓.▓
▓@▓
▓l▓
▓l▓
▓h▓
▓S▓
▓.▓
▓.▓
▓+▓


You could see 2 iguanas, a hound and an adder.

Vanquished Creatures
  A jelly (D)
  A goblin (D)
  2 hobgoblins (D)
  A ball python (D)
  A kobold (D)
6 creatures vanquished.

Notes
Turn   | Place    | Note
-------+----------+-------------------------------------------
     0 | D        | Heoruswealwe the Minotaur Fighter began the quest for the
                  | Orb.
     0 | D        | Reached XP level 1. HP: 19/19 MP: 0/0
    23 | D        | Noticed a jelly
    23 | D        | Noticed an iguana
    23 | D        | Noticed an iguana
    23 | D        | Noticed a hound
    27 | D        | Killed a jelly
    28 | D        | Reached skill level 5 in Fighting
    28 | D        | Reached skill level 5 in Polearms
    28 | D        | Reached skill level 5 in Armour
    28 | D        | Reached XP level 2. HP: 8/29 MP: 1/1
    28 | D        | Reached XP level 3. HP: 10/36 MP: 2/2
    35 | D        | Slain by an iguana

Illustrated notes

Levels and vault maps discovered:
D:        linesprint [early_d, line_temple, items_1, d_10, items_2, lair_1,
          lair_end, items_3, orc_1, orc_end, items_4, d_15, swamp_1, shoals_1,
          snake_1, spider_1, d_20, vaults_1, items_5, swamp_end, shoals_end,
          snake_end, spider_end, vaults_end, d_27, items_6, zot_1, zot_end,
          crypt_end, forest_end, elf_end, slime_end, tomb_end, abyss_end,
          pan_hell_end]

Skill      XL: |  1 |
---------------+----+-----
Polearms       | 5 |  5.8
Fighting       | 5 |  5.2
Armour         | 5 |  5.2
Shields        | |  3.6

Action                     || total
---------------------------++-------
  Melee: Trident           ||    23
         Headbutt          ||     1
    Use: Potion            ||     1
 Armour: Scale mail        ||     6
  Dodge: Dodged            ||     8
  Block: Buckler           ||     2
